 Dungeon Crawl Stone Soup version 0.29.1-15-g9cfb28693d (webtiles) character file.

Game seed: 16314261777228201156

322154 DildoBatman the Metallomancer (level 22, -4/165 HPs)
             Began as a Formicid Conjurer on Mar 5, 2023.
             Was an Initiate of Gozag.
             Slain by a deep troll (9 damage)
             ... led by an ironbound preserver
             ... on level 3 of the Vaults on Mar 6, 2023.
             The game lasted 02:28:23 (38725 turns).

DildoBatman the Metallomancer (Formicid Conjurer)  Turns: 38725, Time: 02:28:24

Health: -4/165     AC: 20    Str: 22    XL:     22   Next: 50%
Magic:  29/51      EV: 14    Int: 37    God:    Gozag
Gold:   14697      SH: 19    Dex: 14    Spells: 32/53 levels left

rFire   + . .      SeeInvis +   a - +10 dagger of Horha {vorpal, MP+9 Str+4}
rCold   x . .      Faith    .   S - +0 tower shield of Discretion {rC- Int+6}
rNeg    . . .      Spirit   .   Z - +0 troll leather armour of Zinu {Regen+ Str+6}
rPois   .          Reflect  .   (helmet unavailable)
rElec   +          Harm     .   G - +1 cloak {Will+}
rCorr   +          Rampage  +   y - +2 pair of gloves of Defence {Rampage}
Will    +++..      Clarity  +   D - +4 pair of boots "Zeziups" {rF+ rCorr Int-4 Dex+2}
Stlth   ++........              m - amulet of magic regeneration
HPRegen 1.17/turn               T - ring of the Harvest {Wiz rElec rCorr}
MPRegen 0.72/turn               V - +6 ring of intelligence

@: gold aura
A: permanent stasis, dig shafts and tunnels, antennae 3, four strong arms,
iridescent scales 1, clarity
}: 2/15 runes: barnacled, gossamer
a: Dig, Shaft Self, Renounce Religion, Potion Petition, Call Merchant, Bribe
Branch


You were on level 3 of the Vaults.
You worshipped Gozag.
Gozag was extremely pleased with you.
You visited 6 branches of the dungeon, and saw 33 of its levels.
You visited 1 bazaar.
You also visited: Sewer, Ossuary, Bailey, Gauntlet and Desolation.

You collected 18175 gold pieces.
You spent 3427 gold pieces at shops.
You paid 51 gold pieces to Gozag.

Inventory:

Hand Weapons
 a - the +10 dagger of Horha (weapon) {vorpal, MP+9 Str+4}
   (You found it on level 2 of the Vaults)

   It inflicts extra damage upon your enemies.
   Str:       It affects your strength (+4).
   MP:        It affects your magic capacity (+9).
 b - a +7 longbow of flaming
 c - the +1 scimitar "Spiderslayer" {holy, rC++ Will-}
   (You found it in the Desolation of Salt)

   It has been blessed by the Shining One to cause great damage to the undead
   and demons.
   rC:        It greatly protects you from cold.
   Will:      It decreases your willpower.
 w - the +2 hand axe of Action {holy, Int+4}
   (You took it off an orc on level 14 of the Dungeon)

   It has been blessed by the Shining One to cause great damage to the undead
   and demons.
   Int:       It affects your intelligence (+4).
 x - the +0 hand axe "Voexket" {pain, Fly Will+ Stlth+}
   (You found it on level 4 of the Spider Nest)

   In the hands of one skilled in necromantic magic, it inflicts extra damage on
   living creatures.
   Fly:       It grants you flight.
   Will:      It increases your willpower.
   Stlth:     It makes you more stealthy.
Missiles
 k - 4 atropa-tipped darts
 n - 3 javelins
 L - 25 curare-tipped darts
 P - 4 datura-tipped darts
 Q - 25 silver javelins
 W - 8 throwing nets (quivered)
Armour
 y - the +2 pair of gloves of Defence (worn) {Rampage}
   (You found it on level 14 of the Dungeon)

   Rampage:   It bestows one free step when moving towards enemies.
 B - the +6 leather armour of the Devil's Advocate {rF+}
   (You bought it in a shop in a bazaar)

   rF:        It protects you from fire.
 D - the +4 pair of boots "Zeziups" (worn) {rF+ rCorr Int-4 Dex+2}
   (You found it on level 3 of the Lair of Beasts)

   Int:       It affects your intelligence (-4).
   Dex:       It affects your dexterity (+2).
   rF:        It protects you from fire.
   rCorr:     It protects you from acid and corrosion.
 F - the +2 robe of Feasting {rPois Regen+ Int-2 Stlth+}
   (You bought it in a shop in a bazaar)

   Int:       It affects your intelligence (-2).
   rPois:     It protects you from poison.
   Regen:     It increases your rate of health regeneration.
   Stlth:     It makes you more stealthy.
 G - a +1 cloak of willpower (worn)
 S - the +0 tower shield of Discretion (worn) {rC- Int+6}
   (You took it off Louise on level 15 of the Dungeon)

   Int:       It affects your intelligence (+6).
   rC:        It makes you vulnerable to cold.
 Z - the +0 troll leather armour of Zinu (worn) {Regen+ Str+6}
   (You found it on level 12 of the Dungeon)

   Str:       It affects your strength (+6).
   Regen:     It increases your rate of health regeneration.
Magical Staves
 Y - a staff of death
Jewellery
 f - the ring of Wonder {*Slow Fly rElec Will+}
   (You found it in the Desolation of Salt)

   [ring of willpower]

   rElec:     It insulates you from electricity.
   Fly:       It grants you flight.
   *Slow:     It may slow you when you take damage.
   Will:      It increases your willpower.
 h - the ring "Teziuteu" {+Blink rElec rN++ AC+4 Dex-4}
   (You found it in the Desolation of Salt)

   [ring of protection]

   AC:        It affects your AC (+4).
   Dex:       It affects your dexterity (-4).
   rElec:     It insulates you from electricity.
   rN:        It greatly protects you from negative energy.
   +Blink:    It lets you blink.
 m - an amulet of magic regeneration (around neck)
 z - the ring of Seytyuh {rC+ rN++ rCorr Int-5 Slay+5}
   (You found it on level 4 of the Spider Nest)

   [ring of protection from cold]

   Int:       It affects your intelligence (-5).
   Slay:      It affects your accuracy & damage with ranged weapons and melee
   (+5).
   rC:        It protects you from cold.
   rN:        It greatly protects you from negative energy.
   rCorr:     It protects you from acid and corrosion.
 T - the ring of the Harvest (left hand) {Wiz rElec rCorr}
   (You found it on level 3 of the Shoals)

   [ring of wizardry]

   It improves your spell success rate.
   rElec:     It insulates you from electricity.
   rCorr:     It protects you from acid and corrosion.
 V - a +6 ring of intelligence (right hand)
Wands
 E - a wand of acid (24)
 R - a wand of roots (36)
Scrolls
 o - 4 scrolls of amnesia
 t - 4 scrolls of fear
 u - 6 scrolls of immolation
 v - a scroll of torment {unknown}
 A - a scroll of enchant weapon
 C - 4 scrolls of magic mapping
 H - 2 scrolls of summoning
 K - 3 scrolls of enchant armour {unknown}
 M - 7 scrolls of butterflies
 N - 13 scrolls of poison
 X - 3 scrolls of identify
Potions
 i - 8 potions of brilliance
 j - 9 potions of ambrosia
 l - 6 potions of magic
 p - 7 potions of mutation
 q - 7 potions of cancellation
 r - 6 potions of resistance
 s - 8 potions of invisibility
 I - 9 potions of heal wounds
 O - 24 potions of curing
 U - 7 potions of might
Miscellaneous
 d - a phial of floods
 e - a lightning rod (4/4)
 g - a condenser vane
 J - a phantom mirror


   Skills:
 - Level 12.0 Fighting
 - Level 13.0 Armour
 - Level 9.0 Dodging
 - Level 2.4 Stealth
 - Level 16.0 Shields
 - Level 16.0 Spellcasting
 - Level 6.0 Conjurations
 * Level 20.1 Necromancy
 - Level 22.0 Earth Magic


You had 32 spell levels left.
You knew the following spells:

 Your Spells              Type           Power      Damage    Failure   Level
a - Borgnjor's Vile Clut  Necr/Erth      55%        N/A       0%          5
b - Stone Arrow           Conj/Erth      100%       3d13      1%          3
c - Magic Dart            Conj           100%       1d8       1%          1
d - Searing Ray           Conj           100%       2d8       1%          2
e - Iron Shot             Conj/Erth      46%        9d9       1%          6
h - Dispel Undead         Necr           100%       3d31      0%          4

Your spell library contained the following spells:

 Spells                   Type           Power      Damage    Failure   Level
 Sandblast                Erth           100%       2d20      0%          1
 Agony                    Necr           100%       N/A       0%          5
 Lee's Rapid Deconstruct  Erth           56%        3d27*     0%          5
 Foxfire                  Conj/Fire      100%       2x1d9     1%          1
 Summon Small Mammal      Summ           100%       N/A       1%          1
 Call Imp                 Summ           29%        N/A       1%          2
 Conjure Flame            Conj/Fire      51%        6-21      1%          3
 Dazzling Flash           Conj/Hex       100%       N/A       1%          3
 Anguish                  Hex/Necr       40%        N/A       1%          4
 Animate Armour           Summ/Erth      100%       N/A       1%          4
 Leda's Liquefaction      Hex/Erth       42%        N/A       1%          4
 Death Channel            Necr           54%        N/A       1%          6
 Infestation              Necr           54%        N/A       2%          8
 Call Canine Familiar     Summ           29%        N/A       4%          3
 Gell's Gravitas          Tloc           29%        N/A       4%          3
 Ignite Poison            Fire/Tmut/Pois 29%        N/A       4%          3
 Inner Flame              Hex/Fire       29%        N/A       4%          3
 Lesser Beckoning         Tloc           29%        N/A       4%          3
 Ozocubu's Armour         Ice            29%        N/A       4%          3
 Portal Projectile        Hex/Tloc       58%        N/A       4%          3
 Summon Guardian Golem    Hex/Summ       29%        N/A       4%          3
 Teleport Other           Tloc           29%        N/A       4%          3
 Tukima's Dance           Hex            29%        N/A       4%          3
 Fulminant Prism          Conj/Hex       25%        3d14      4%          4
 Iskenderun's Mystic Bla  Conj/Tloc      51%        2d11      4%          4
 Sticky Flame             Conj/Fire      51%        2d7       4%          4
 Fireball                 Conj/Fire      25%        3d11      11%         5
 Cause Fear               Hex            14%        N/A       13%         4
 Summon Lightning Spire   Summ/Air       29%        N/A       13%         4
 Shatter                  Erth           56%        3d42*     16%         9
 Haunt                    Necr/Summ      40%        N/A       17%         7
 Lehudib's Crystal Spear  Conj/Erth      46%        10d11     26%         8
 Alistair's Intoxication  Tmut/Pois      19%        N/A       32%         5
 Blade Hands              Tmut           14%        N/A       32%         5
 Manifold Assault         Tloc           29%        N/A       32%         5
 Silence                  Hex/Air        14%        N/A       32%         5
 Conjure Ball Lightning   Conj/Air       25%        3x3d7     47%         6
 Starburst                Conj/Fire      25%        6d8       47%         6
 Orb of Destruction       Conj           32%        9d10      65%         7
 Necromutation            Tmut/Necr      40%        N/A       77%         8
 Eringya's Noxious Bog    Tmut/Pois      14%        N/A       86%         6
 Spellforged Servitor     Conj/Summ      25%        N/A       95%         7
 Dragon Form              Tmut           14%        N/A       100%        7
 Enfeeble                 Hex            14%        N/A       100%        7
 Ozocubu's Refrigeration  Ice            14%        4d10      100%        7
 Storm Form               Tmut/Air       14%        N/A       100%        7
 Discord                  Hex            14%        N/A       100%        8
 Disjunction              Tloc           14%        N/A       100%        8
 Ignition                 Fire           14%        3d6       100%        8
 Maxwell's Capacitive Co  Air            14%        ∞         100%        8
 Chain Lightning          Conj/Air       25%        3d34      100%        9
 Fire Storm               Conj/Fire      25%        8d7       100%        9
 Animate Dead             Necr           Unusable   N/A       N/A         4
 Blink                    Tloc           Unusable   N/A       N/A         2
 Corpse Rot               Necr/Pois/Air  Unusable   N/A       N/A         4

Dungeon Overview and Level Annotations

Branches:
Dungeon (15/15)            Temple (0/1) D:6            Lair (5/5) D:10
 Shoals (4/4) Lair:2       Spider (4/4) Lair:2        Slime (0/5) Lair:5
    Orc (2/2) D:10            Elf (0/3) Orc:2        Vaults (3/5) D:13
 Depths (0/4) D:15          Sewer (visited)         Ossuary (visited)
 Bailey (visited)         Desolation (visited)      Gauntlet (visited)
  Crypt: Vaults:2-3

Altars:
Cheibriados
Dithmenos
Fedhas
Gozag
Hepliaklqana
Qazlal
Ru
Sif Muna
Vehumet
Wu Jian
Yredelemnul
Zin
Jiyva

Shops:
D:6 *?(=:   D:11 =   Orc:2 =*[(!   Vaults:1 (


Innate Abilities, Weirdness & Mutations

You cannot be hasted, slowed, berserked, paralysed or teleported.
You can dig through walls and to a lower floor.
You have a pair of large antennae on your head. (SInv)
Your four strong arms can wield two-handed weapons with a shield.
You are partially covered in iridescent scales. (AC +2)
You possess an exceptional clarity of mind.


Message History

The stone arrow hits the glowing orange brain!!
The glowing orange brain is severely wounded.
The zombie hands constrict the glowing orange brain!
The zombie hands constrict the ironbound frostheart!
The zombie hands constrict the peacekeeper!
The zombie hands constrict the war gargoyle!
The deep troll is distracted by your dazzling golden aura.
The ironbound frostheart struggles to escape constriction.
Casting: Stone Arrow (safe; 1% risk of failure)
Confirm with . or Enter, or press ? or * to list all spells.
Aiming: Stone Arrow (safe; 1% risk of failure)
Press: ? - help, Shift-Dir - straight line, f/p - glowing orange brain
Aim: a glowing orange brain (almost dead, constricted by zombie hands, 100% to hit)
The stone arrow hits the glowing orange brain!!
You kill the glowing orange brain!
The zombie hands lose their grip on the ironbound frostheart.
The ironbound frostheart dissolves into shadows!
The zombie hands lose their grip on the peacekeeper.
The peacekeeper dissolves into shadows!
The zombie hands lose their grip on the war gargoyle.
The war gargoyle dissolves into shadows!
The ironbound convoker dissolves into shadows!
The deep troll shouts!
The ice encasing you melts away.
The deep troll is no longer distracted by gold.
The ironbound preserver hits you with a +0 dire flail.
The +1 scimitar "Spiderslayer" {holy, rC++ Will-} stops glowing.
You feel stronger.
a - the +10 dagger of Horha (weapon)
{vorpal, MP+9 Str+4} The deep troll is no longer distracted by gold.
The ironbound preserver hits you with a +0 dire flail!!
The deep troll is distracted by your dazzling golden aura.
The deep troll shouts!
The ironbound preserver attacks as you move away!
You block the ironbound preserver's attack.
The deep troll attacks as you move away!
You block the deep troll's attack. The deep troll claws you!
You die...
Your body crumbles into a pile of gold.

### #...# + ...# #.#.# .# ....#
#.#.#..# .....##...#..# $
....'.......# ....#..$$...#
#T.T....# #Tp#T#.## #@##.$.
#..#.#.# #..#...# #..###
###########
#################'######.........
.......................'.........
.......................#.........
.......................#.........
.......................#.........


You could see an ironbound preserver (strong) and 3 deep trolls.

Vanquished Creatures
  An ancient lich (Vaults:2)
  Bai Suzhen (Spider:4)
  Jorgrun (Orc:2)
  Rupert (Orc:2)
  Asterion (Vaults:2)
  Polyphemus (Shoals:3)
  4 sphinxes
  A kraken (Shoals:3)
  The ghost of burchardtist the Brawler, an adept TrFi of Wu Jian (Shoals:1)
  Frances (Shoals:1)
  Ilsuiw (Shoals:2)
  Donald (Orc:2)
  7 vault wardens
  6 ghost moths
  Aizul (Shoals:2)
  5 emperor scorpions
  3 orc warlords
  A reaper (Gauntlet)
  Louise (D:15)
  3 broodmothers
  2 very ugly things (Vaults:1)
  2 stone giants (Vaults:1)
  6 ironbound preservers
  6 ironbound thunderhulks
  The ghost of vvl the Messenger, a journeyman HOEE of Beogh (Lair:3)
  Nessos (Lair:4)
  3 halazid warlocks (Desolation)
  2 minotaurs
  3 entropy weavers
  13 dire elephants
  2 spark wasps
  A blizzard demon (Gauntlet)
  An ettin (Vaults:1)
  6 merfolk impalers
  3 crystal guardians (Desolation)
  Snorg (D:14)
  3 merfolk javelineers (Shoals:2)
  6 ragged hierophants (Desolation)
  9 yaktaur captains
  4 vault guards
  Harold (D:9)
  4 hydras
  5 servants of whispers (Desolation)
  11 boulder beetles
  3 great orbs of eyes
  Erolcha (D:9)
  5 peacekeepers (Desolation)
  8 ironbound frosthearts
  An ogre mage (D:15)
  2 merfolk avatars
  19 centaur warriors
  3 alligator snapping turtles
  Erica (D:10)
  3 merfolk aquamancers
  A two-headed ogre (shapeshifter) (D:15)
  3 catoblepae
  3 jorogumos
  12 two-headed ogres
  2 dancing weapons (D:13)
  4 radroaches
  9 death yaks
  15 satyrs
  Urug (Orc:1)
  3 orc high priests (Orc:2)
  Amaemon (D:10)
  6 pharaoh ants
  A sun moth (Spider:4)
  9 sea snakes
  15 deep trolls
  A glowing orange brain (Vaults:3)
  8 orb spiders
  5 wizards
  2 steelbarb worms (Spider:4)
  Pikel (D:7)
  26 ironbound convokers
  9 orc knights
  A necromancer (Vaults:2)
  15 lindwurms
  25 harpies
  A harpy (shapeshifter) (D:13)
  23 ugly things
  17 wolf spiders
  5 orc sorcerers
  The ghost of McKennaii the Chiller, a novice DgIE (D:7)
  A salamander (D:15)
  23 fauns
  4 cyclopes
  11 merfolk sirens
  25 manticores
  5 moths of wrath
  4 guardian serpents (Desolation)
  Joseph (D:8)
  14 vault sentinels
  2 black mambas (Lair:5)
  14 water nymphs
  4 elephants (Lair:4)
  Maurice (D:8)
  An orange demon (D:10)
  A gargoyle (D:13)
  2 torpor snails
  36 yaktaurs
  Maggie (D:8)
  21 cane toads
  4 rime drakes
  10 komodo dragons
  8 demonic crawlers
  An efreet (D:14)
  An unseen horror (D:10)
  A rime drake (shapeshifter) (D:15)
  9 trolls
  18 merfolk
  2 hellwings (Gauntlet)
  3 meliai (D:14)
  3 wind drakes
  4 polar bears
  6 snapping turtles
  Grinder (D:4)
  4 tyrant leeches
  48 saltlings (Desolation)
  8 hornets
  24 tarantellas
  16 blink frogs
  Prince Ribbit (D:9)
  43 slime creatures
  2 dream sheep (Shoals:4)
  A jumping spider (shapeshifter) (D:15)
  20 jumping spiders
  Sigmund (D:4)
  10 culicivoras
  2 shadows
  12 water elementals
  68 yaks
  2 wraiths (Vaults:3)
  3 wyverns
  5 basilisks
  46 redbacks
  2 steam dragons
  9 vampire mosquitoes
  A yaktaur simulacrum (Vaults:1)
  3 swamp worms (D:10)
  3 wargs (D:10)
  2 acid dragons (D:11)
  21 water moccasins
  Duvessa (D:5)
  2 sky beasts (D:7)
  4 black bears
  35 orc warriors
  A hornet zombie (Ossuary)
  An ice beast (D:6)
  6 ogres
  A boggart (Vaults:2)
  9 wolves
  10 centaurs
  A lemure (D:7)
  2 phantoms
  9 kobold brigands
  A necrophage (D:5)
  21 bullfrogs
  2 wyvern zombies (Ossuary)
  Blork the orc (D:4)
  A gnoll sergeant (D:11)
  5 scorpions (Lair:2)
  A water moccasin zombie (Ossuary)
  29 wights
  Dowan (D:5)
  37 killer bees
  2 electric eels (Lair:5)
  4 howler monkeys
  4 bullfrog zombies (Ossuary)
  A crimson imp (D:13)
  5 centaur zombies (Ossuary)
  3 jellies
  2 hounds
  A gnoll bouda (Orc:2)
  25 orc priests
  A hell rat (D:14)
  Natasha (thrice) (D:3)
  37 orc wizards
  An iguana (D:6)
  2 killer bee zombies (Ossuary)
  15 mummies
  2 howler monkey zombies (Ossuary)
  9 gnolls
  12 adders
  4 river rats
  A shadow imp (Gauntlet)
  4 white imps
  2 worms
  3 dart slugs
  126 orcs
  8 bats
  12 endoplasms
  6 giant cockroaches
  8 goblins
  9 hobgoblins
  9 jackals
  6 quokkas
  9 ball pythons
  6 frilled lizards
  38 kobolds
  23 rats
  A bush (D:10)
  3 tentacles (Shoals:3)
1596 creatures vanquished.

Vanquished Creatures (others)
  A deep troll (Lair:1)
  A saltling (Desolation)
  A water elemental (Shoals:1)
  An orc (Orc:2)
  22 fungi
  113 plants
  28 tentacles (Shoals:3)
  20 withered plants
187 creatures vanquished.

Grand Total: 1783 creatures vanquished

Notes
Turn   | Place    | Note
-------+----------+-------------------------------------------
     0 | D:1      | DildoBatman the Formicid Conjurer began the quest for the
                  | Orb.
     0 | D:1      | Reached XP level 1. HP: 13/13 MP: 3/3
     0 | D:1      | Noticed a jelly
     1 | D:1      | Found a runed translucent door.
   171 | D:1      | Reached XP level 2. HP: 20/20 MP: 1/5
   174 | D:1      | Learned a level 2 spell: Searing Ray
   517 | D:1      | Found a faded altar of an unknown god.
   548 | D:1      | Reached skill level 1 in Armour
   568 | D:1      | Reached skill level 1 in Fighting
   568 | D:1      | Reached XP level 3. HP: 18/26 MP: 1/6
  1095 | D:2      | Got the Atlas of Assembled Shaping
  1255 | D:2      | Reached XP level 4. HP: 32/32 MP: 5/8
  1795 | D:3      | Found a glowing drain.
  1799 | Sewer    | Entered a sewer
  1854 | Sewer    | Reached XP level 5. HP: 38/38 MP: 9/9
  2536 | D:3      | Reached XP level 6. HP: 46/46 MP: 11/11
  2735 | D:3      | Noticed Natasha
  2892 | D:4      | Noticed Grinder
  3165 | D:4      | Noticed Sigmund
  3186 | D:4      | Found an opulent altar of Gozag.
  3194 | D:4      | Became a worshipper of Gozag Ym Sagoz the Greedy
  3265 | D:4      | Noticed Blork the orc
  3471 | D:3      | Killed Natasha
  3491 | D:3      | Found a sacrificial altar of Ru.
  3587 | D:3      | Noticed Natasha
  3592 | D:3      | Killed Natasha
  3625 | D:3      | Noticed Natasha
  3629 | D:3      | Killed Natasha
  3630 | D:3      | Reached XP level 7. HP: 52/52 MP: 13/13
  3696 | D:4      | Killed Grinder
  3697 | D:4      | Reached skill level 5 in Conjurations
  3733 | D:5      | Entered Level 5 of the Dungeon
  3876 | D:5      | Reached skill level 5 in Spellcasting
  3912 | D:5      | Found a hazy altar of Hepliaklqana.
  3912 | D:5      | Found an ornate altar of the Wu Jian Council.
  3934 | D:5      | Reached XP level 8. HP: 32/58 MP: 13/16
  4017 | D:5      | Noticed a troll
  4432 | D:6      | Found a staircase to the Ecumenical Temple.
  4740 | D:6      | Found a stormy altar of Qazlal.
  4786 | D:6      | Found Joenk's General Store.
  4790 | D:6      | Found Kiwk's Magic Scroll Boutique.
  4790 | D:6      | Found Mafod's Antique Weapon Shop.
  4803 | D:6      | Found Nefoucih's Book Boutique.
  4803 | D:6      | Found Hiet's Jewellery Shoppe.
  4926 | D:6      | Reached XP level 9. HP: 63/65 MP: 19/19
  4993 | D:6      | Found a snail-covered altar of Cheibriados.
  5406 | D:6      | Bought Great Wizards, Vol. II for 418 gold pieces
  5412 | D:6      | Learned a level 5 spell: Borgnjor's Vile Clutch
  5483 | D:5      | Noticed Duvessa
  5500 | D:5      | Reached skill level 1 in Earth Magic
  5556 | D:5      | Killed Duvessa
  5557 | D:5      | Reached skill level 1 in Necromancy
  5592 | D:5      | Noticed Dowan
  5598 | D:5      | Killed Dowan
  5730 | D:5      | Killed a troll
  5731 | D:5      | Reached skill level 5 in Fighting
  5731 | D:5      | Reached skill level 2 in Earth Magic
  5949 | D:4      | Reached skill level 5 in Armour
  6203 | D:4      | Killed Blork the orc
  6204 | D:4      | Reached skill level 3 in Earth Magic
  6322 | D:4      | Killed Sigmund
  6473 | D:7      | Noticed a troll
  6480 | D:6      | Reached skill level 4 in Earth Magic
  6553 | D:7      | Reached skill level 5 in Earth Magic
  6553 | D:7      | Reached XP level 10. HP: 61/74 MP: 10/20
  6610 | D:7      | Noticed Pikel
  6622 | D:7      | Killed Pikel
  6623 | D:7      | Reached skill level 5 in Necromancy
  6623 | D:7      | Reached skill level 6 in Earth Magic
  6681 | D:7      | Found a flagged portal.
  6865 | Bailey   | Entered a bailey
  6902 | Bailey   | Reached skill level 7 in Earth Magic
  7606 | Bailey   | Noticed an orc knight
  7650 | Bailey   | Killed an orc knight
  7651 | Bailey   | Reached skill level 8 in Earth Magic
  7674 | Bailey   | Found an iron altar of Okawaru.
  7749 | D:7      | Found a runed translucent door.
  7751 | D:7      | Noticed McKennaii's ghost (novice DgIE)
  7795 | D:7      | Found a shimmering blue altar of Sif Muna.
  7889 | D:7      | Found a radiant altar of Vehumet.
  7889 | D:7      | Found a glowing silver altar of Zin.
  8085 | D:8      | Noticed Maurice
  8089 | D:8      | Killed Maurice
  8095 | D:8      | Reached skill level 9 in Earth Magic
  8095 | D:8      | Reached XP level 11. HP: 60/79 MP: 20/21
  8121 | D:8      | Noticed Maggie
  8127 | D:8      | Killed Maggie
  8385 | D:8      | Noticed Joseph
  8420 | D:8      | Killed Joseph
  8467 | D:8      | Learned a level 3 spell: Stone Arrow
  8526 | D:8      | Found a sand-covered staircase.
  8535 | Ossuary  | Entered an ossuary
  8740 | Ossuary  | Reached skill level 10 in Earth Magic
  9410 | D:4      | You are sucked into a shaft and drop 1 floor!
  9459 | D:7      | Reached skill level 10 in Necromancy
  9760 | D:7      | Killed McKennaii's ghost
  9921 | D:8      | Identified the ring of Yendor {+Blink Fly rCorr}
 10325 | D:9      | Reached skill level 11 in Earth Magic
 10339 | D:9      | Noticed Erolcha
 10401 | D:9      | Killed Erolcha
 10402 | D:9      | Reached XP level 12. HP: 27/86 MP: 15/22
 10414 | D:9      | HP: 4/83 [wight/+2 great sword of freezing (2)]
 10703 | D:9      | Noticed Prince Ribbit
 10718 | D:9      | Killed Prince Ribbit
 10909 | D:9      | Noticed Harold
 10930 | D:9      | Killed Harold
 11303 | D:10     | Entered Level 10 of the Dungeon
 11311 | D:10     | Found a blossoming altar of Fedhas.
 11316 | D:10     | Reached skill level 12 in Earth Magic
 11475 | D:10     | Noticed Amaemon
 11499 | D:10     | Killed Amaemon
 11559 | D:10     | Learned a level 4 spell: Dispel Undead
 11680 | D:10     | Found a staircase to the Orcish Mines.
 11846 | D:10     | Found a staircase to the Lair.
 12371 | D:10     | Found a basalt altar of Yredelemnul.
 12657 | D:11     | Noticed a two-headed ogre
 12664 | D:11     | Killed a two-headed ogre
 12905 | D:11     | Found Axanir's Jewellery Shop.
 13121 | D:11     | Noticed a two-headed ogre
 13127 | D:11     | Killed a two-headed ogre
 13128 | D:11     | Reached skill level 5 in Shields
 13256 | D:11     | Reached XP level 13. HP: 90/93 MP: 24/24
 13534 | D:12     | Identified the +0 troll leather armour of Zinu {Regen+
                  | Str+6}
 13604 | D:12     | Found a gate leading to a gauntlet.
 13610 | Gauntlet | Entered a Gauntlet
 13610 | Gauntlet | Found a transporter.
 13617 | Gauntlet | Noticed a blizzard demon
 13619 | Gauntlet | Found a transporter.
 13627 | Gauntlet | Noticed a great orb of eyes
 13640 | Gauntlet | Found a transporter.
 13640 | Gauntlet | Found a transporter.
 13650 | Gauntlet | Found a transporter.
 13674 | Gauntlet | Found a transporter.
 13688 | Gauntlet | Found a transporter.
 13692 | Gauntlet | Noticed a ghost crab
 13716 | Gauntlet | Found a runed translucent gate.
 13717 | Gauntlet | Found a transporter.
 13717 | Gauntlet | Found a transporter.
 13717 | Gauntlet | Found a runed translucent gate.
 13722 | Gauntlet | Found a transporter.
 13734 | Gauntlet | Found a runed translucent gate.
 13755 | Gauntlet | Found a transporter.
 13755 | Gauntlet | Found a transporter.
 13756 | Gauntlet | Noticed a reaper
 13904 | Gauntlet | Killed a blizzard demon
 13975 | Gauntlet | Killed a reaper
 14079 | Gauntlet | Noticed a minotaur
 14086 | Gauntlet | Killed a minotaur
 14087 | Gauntlet | Reached skill level 5 in Dodging
 14226 | D:12     | Gained mutation: Your magical capacity is low. (-10% MP)
                  | [potion of mutation]
 14226 | D:12     | Gained mutation: Your muscles are strong. (Str +4, Int/Dex
                  | -1) [potion of mutation]
 14226 | D:12     | Gained mutation: You are agile. (Dex +4, Str/Int -1)
                  | [potion of mutation]
 14227 | D:12     | Lost mutation: Your magical capacity is low. (-10% MP)
                  | [potion of mutation]
 14227 | D:12     | Lost mutation: You are agile. (Dex +4, Str/Int -1) [potion
                  | of mutation]
 14227 | D:12     | Lost mutation: Your muscles are strong. (Str +4, Int/Dex
                  | -1) [potion of mutation]
 14227 | D:12     | Gained mutation: You have very sharp teeth. [potion of
                  | mutation]
 14227 | D:12     | Gained mutation: You are robust. (+10% HP) [potion of
                  | mutation]
 14445 | D:12     | Found a radiant altar of Vehumet.
 14710 | Orc:1    | Entered Level 1 of the Orcish Mines
 14710 | Orc:1    | Noticed Erica
 14736 | D:10     | Killed Erica
 14865 | Orc:2    | Entered Level 2 of the Orcish Mines
 14866 | Orc:2    | Found a staircase to the Elven Halls.
 15220 | Orc:2    | Noticed Donald
 15235 | Orc:2    | Killed Donald
 15396 | Orc:1    | Noticed Urug
 15403 | Orc:1    | Killed Urug
 15763 | Orc:2    | Noticed Jorgrun
 15769 | Orc:2    | Noticed Rupert
 15886 | Lair:1   | Entered Level 1 of the Lair of Beasts
 16039 | Lair:1   | Reached XP level 14. HP: 115/115 MP: 22/27
 16238 | Lair:1   | Found a glowing silver altar of Zin.
 16327 | Lair:1   | Learned a level 6 spell: Iron Shot
 17057 | Lair:2   | Found a hole to the Spider Nest.
 17283 | Lair:2   | Found a staircase to the Shoals.
 18114 | Lair:3   | Found a transporter.
 18121 | Lair:3   | Noticed vvl's ghost (journeyman HOEE)
 18153 | Lair:3   | Found a transporter.
 18641 | Lair:4   | Reached skill level 10 in Spellcasting
 18839 | Lair:4   | Reached skill level 10 in Shields
 19049 | Lair:4   | Noticed Nessos
 19054 | Lair:4   | Killed Nessos
 19055 | Lair:4   | Reached XP level 15. HP: 120/126 MP: 29/29
 19145 | Lair:4   | You are sucked into a shaft and drop 1 floor!
 19145 | Lair:5   | Entered Level 5 of the Lair of Beasts
 19537 | Lair:5   | Reached skill level 10 in Fighting
 19604 | Lair:5   | Reached skill level 10 in Armour
 20012 | Lair:5   | Found a viscous altar of Jiyva.
 20018 | Lair:5   | Found a staircase to the Slime Pits.
 20945 | D:13     | You are sucked into a shaft and drop 2 floors!
 20945 | D:15     | Entered Level 15 of the Dungeon
 21134 | D:15     | Identified the +10 rapier "Ihufaig" {holy, rF++ Str+5 SInv}
 21186 | D:15     | Found a staircase to the Depths.
 21535 | D:15     | Identified the +0 tower shield of Discretion {rC- Int+6}
 21535 | D:15     | Noticed Louise
 21544 | D:15     | Killed Louise
 21545 | D:15     | Reached XP level 16. HP: 116/137 MP: 31/31
 22021 | D:14     | Identified the +2 pair of gloves of Defence {Rampage}
 22228 | D:14     | Identified the +2 hand axe of Action {holy, Int+4}
 22485 | D:14     | Noticed Snorg
 22503 | D:14     | Killed Snorg
 22622 | D:14     | Found a shadowy altar of Dithmenos.
 23114 | D:13     | Found a gate to the Vaults.
 23444 | Orc:2    | Found Nonlufor's Distillery.
 23464 | Orc:2    | Killed Jorgrun
 23480 | Orc:2    | Killed Rupert
 23495 | Orc:2    | Bought 2 potions of mutation for 224 gold pieces
 23495 | Orc:2    | Bought a potion of magic for 112 gold pieces
 23495 | Orc:2    | Bought a potion of cancellation for 112 gold pieces
 23495 | Orc:2    | Bought a potion of mutation for 112 gold pieces
 23495 | Orc:2    | Bought a potion of heal wounds for 70 gold pieces
 23731 | Orc:2    | Reached XP level 17. HP: 120/146 MP: 33/33
 23824 | Orc:2    | Found Tuh Juge's Antique Armour Boutique.
 23825 | Orc:2    | Found Zimnovy's Antique Weapon Boutique.
 23827 | Orc:2    | Found Sewout's General Store.
 23827 | Orc:2    | Found Zaumutapp's Jewellery Shop.
 23843 | Orc:2    | Bought a potion of invisibility for 112 gold pieces
 23843 | Orc:2    | Bought a scroll of immolation for 56 gold pieces
 23843 | Orc:2    | Bought a potion of mutation for 112 gold pieces
 24304 | Lair:3   | Killed vvl's ghost
 24325 | Lair:3   | Identified the +4 pair of boots "Zeziups" {rF+ rCorr Int-4
                  | Dex+2}
 24469 | D:10     | Lost mutation: You are robust. (+10% HP) [potion of
                  | mutation]
 24469 | D:10     | Lost mutation: You have very sharp teeth. [potion of
                  | mutation]
 24469 | D:10     | Gained mutation: Your spells are a little easier to cast,
                  | but a little less powerful. [potion of mutation]
 24469 | D:10     | Gained mutation: You expend magic power (3 MP) to
                  | strengthen your wands. [potion of mutation]
 24469 | D:10     | Gained mutation: You occasionally shout uncontrollably at
                  | your foes. [potion of mutation]
 24470 | D:10     | Lost mutation: Your spells are a little easier to cast, but
                  | a little less powerful. [potion of mutation]
 24470 | D:10     | Lost mutation: You occasionally shout uncontrollably at
                  | your foes. [potion of mutation]
 24470 | D:10     | Lost mutation: You expend magic power (3 MP) to strengthen
                  | your wands. [potion of mutation]
 24470 | D:10     | Gained mutation: You expend magic power (3 MP) to
                  | strengthen your wands. [potion of mutation]
 24470 | D:10     | Gained mutation: You occasionally lose the ability to read
                  | scrolls when taking damage. [potion of mutation]
 24470 | D:10     | Gained mutation: Your muscles are strong. (Str +4, Int/Dex
                  | -1) [potion of mutation]
 24471 | D:10     | Lost mutation: You expend magic power (3 MP) to strengthen
                  | your wands. [potion of mutation]
 24471 | D:10     | Lost mutation: You occasionally lose the ability to read
                  | scrolls when taking damage. [potion of mutation]
 24471 | D:10     | Gained mutation: You occasionally lose the ability to drink
                  | potions when taking damage. [potion of mutation]
 24471 | D:10     | Gained mutation: You have a beak for a mouth. [potion of
                  | mutation]
 24471 | D:10     | Gained mutation: Your body sometimes deteriorates upon
                  | taking damage. [potion of mutation]
 24471 | D:10     | Gained mutation: You are partially covered in iridescent
                  | scales. (AC +2) [potion of mutation]
 24472 | D:10     | Lost mutation: You are partially covered in iridescent
                  | scales. (AC +2) [potion of mutation]
 24472 | D:10     | Lost mutation: You have a beak for a mouth. [potion of
                  | mutation]
 24472 | D:10     | Lost mutation: You occasionally lose the ability to drink
                  | potions when taking damage. [potion of mutation]
 24472 | D:10     | Gained mutation: Your system is resistant to poisons.
                  | (rPois) [potion of mutation]
 24472 | D:10     | Gained mutation: Your natural rate of healing is unusually
                  | fast. [potion of mutation]
 24473 | D:10     | Lost mutation: Your natural rate of healing is unusually
                  | fast. [potion of mutation]
 24473 | D:10     | Lost mutation: Your system is resistant to poisons. (rPois)
                  | [potion of mutation]
 24473 | D:10     | Lost mutation: Your body sometimes deteriorates upon taking
                  | damage. [potion of mutation]
 24473 | D:10     | Gained mutation: You are frail. (-10% HP) [potion of
                  | mutation]
 24473 | D:10     | Gained mutation: Your mind is acute. (Int +4, Str/Dex -1)
                  | [potion of mutation]
 24474 | D:10     | Lost mutation: Your muscles are strong. (Str +4, Int/Dex
                  | -1) [potion of mutation]
 24474 | D:10     | Lost mutation: You are frail. (-10% HP) [potion of
                  | mutation]
 24474 | D:10     | Lost mutation: Your mind is acute. (Int +4, Str/Dex -1)
                  | [potion of mutation]
 24474 | D:10     | Gained mutation: A frigid envelope surrounds you and
                  | freezes all who hurt you. [potion of mutation]
 24474 | D:10     | Gained mutation: You are robust. (+10% HP) [potion of
                  | mutation]
 24545 | Shoals:1 | Entered Level 1 of the Shoals
 24562 | Shoals:1 | Reached skill level 15 in Shields
 24711 | Shoals:1 | Noticed Frances
 24725 | Shoals:1 | Lost mutation: You are robust. (+10% HP) [a neqoxec]
 24729 | Shoals:1 | Killed Frances
 25253 | Shoals:1 | Found a runed translucent door.
 25259 | Shoals:1 | Noticed burchardtist's ghost (adept TrFi)
 25558 | Shoals:1 | Killed burchardtist's ghost
 25645 | Shoals:2 | Noticed Ilsuiw
 25671 | Shoals:2 | Killed Ilsuiw
 25852 | Shoals:2 | Reached skill level 13 in Earth Magic
 26637 | Shoals:3 | Reached XP level 18. HP: 140/140 MP: 23/35
 26706 | Shoals:3 | Noticed Polyphemus
 26744 | Shoals:3 | Noticed Aizul
 26760 | Shoals:2 | Killed Aizul
 26870 | Shoals:3 | Killed Polyphemus
 26966 | Shoals:3 | Noticed a kraken
 27079 | Shoals:3 | Reached skill level 14 in Earth Magic
 27167 | Shoals:3 | Identified the ring of the Harvest {Wiz rElec rCorr}
 27297 | Shoals:3 | Killed a kraken
 27647 | Shoals:4 | Entered Level 4 of the Shoals
 28044 | Shoals:4 | Reached skill level 15 in Earth Magic
 28327 | Shoals:4 | Reached XP level 19. HP: 143/146 MP: 27/37
 28379 | Shoals:4 | Got a barnacled rune of Zot
 28824 | Spider:1 | Entered Level 1 of the Spider Nest
 29590 | Spider:1 | Reached skill level 16 in Earth Magic
 29599 | Spider:1 | Reached skill level 15 in Spellcasting
 29599 | Spider:1 | Reached skill level 15 in Necromancy
 29697 | Spider:1 | Identified the +2 hat of Zin's Fury {rN+ Dex+2}
 29758 | Spider:1 | You fall into a shaft and drop 1 floor!
 31996 | Spider:4 | Entered Level 4 of the Spider Nest
 32020 | Spider:4 | Noticed Bai Suzhen
 32207 | Spider:4 | Killed Bai Suzhen
 32513 | Spider:4 | Reached skill level 17 in Earth Magic
 32561 | Spider:4 | Identified the +0 hand axe "Voexket" {pain, Fly Will+
                  | Stlth+}
 33027 | Spider:4 | Reached XP level 20. HP: 141/153 MP: 34/39
 33440 | Spider:4 | Identified the ring of Seytyuh {rC+ rN++ rCorr Int-5
                  | Slay+5}
 33456 | Spider:4 | Got a gossamer rune of Zot
 33723 | Vaults:1 | Entered Level 1 of the Vaults
 33778 | Vaults:1 | Found a crumbling gateway.
 33803 | Vaults:1 | Lost mutation: A frigid envelope surrounds you and freezes
                  | all who hurt you. [potion of mutation]
 33803 | Vaults:1 | Gained mutation: You are partially covered in iridescent
                  | scales. (AC +2) [potion of mutation]
 33803 | Vaults:1 | Gained mutation: Armour fits poorly on your strangely
                  | shaped body. [potion of mutation]
 33804 | Vaults:1 | Lost mutation: Armour fits poorly on your strangely shaped
                  | body. [potion of mutation]
 33804 | Vaults:1 | Lost mutation: You are partially covered in iridescent
                  | scales. (AC +2) [potion of mutation]
 33804 | Vaults:1 | Gained mutation: You expend magic power (3 MP) to
                  | strengthen your wands. [potion of mutation]
 33804 | Vaults:1 | Gained mutation: You are dopey. (Int -2) [potion of
                  | mutation]
 33805 | Vaults:1 | Lost mutation: You expend magic power (3 MP) to strengthen
                  | your wands. [potion of mutation]
 33805 | Vaults:1 | Lost mutation: You are dopey. (Int -2) [potion of mutation]
 33805 | Vaults:1 | Gained mutation: You possess an exceptional clarity of
                  | mind. [potion of mutation]
 33805 | Vaults:1 | Gained mutation: You are partially covered in iridescent
                  | scales. (AC +2) [potion of mutation]
 33808 | Desolati | Entered the Desolation of Salt
 34174 | Desolati | Identified the +1 scimitar "Spiderslayer" {holy, rC++
                  | Will-}
 34242 | Desolati | Reached skill level 18 in Earth Magic
 34500 | Desolati | Identified the +0 scale mail of Fortification {rElec Int+3}
 34502 | Desolati | Got the Anthology of Flinty Imprecation
 34506 | Desolati | Got the Commentary on Unstable Execration
 34744 | Desolati | Identified the ring of Wonder {*Slow Fly rElec Will+}
 34746 | Desolati | Identified the +8 whip "Esah Otimai" {vorpal, Fragile rPois
                  | rC+++ Dex+4}
 34751 | Desolati | Identified the ring "Teziuteu" {+Blink rElec rN++ AC+4
                  | Dex-4}
 35190 | Vaults:1 | Found Otzyum's Weapon Shop.
 35193 | Vaults:1 | Reached skill level 19 in Earth Magic
 35304 | Vaults:1 | Reached XP level 21. HP: 117/159 MP: 19/41
 35498 | Vaults:1 | Identified the +7 plate armour of the Teacher {Dex+2}
 36287 | Vaults:2 | Reached skill level 20 in Earth Magic
 36501 | Vaults:2 | Noticed Asterion
 36530 | Vaults:2 | Killed Asterion
 36693 | Vaults:2 | Found a flickering gateway to a bazaar.
 36703 | Bazaar   | Entered a bazaar
 36703 | Bazaar   | Found Axtintut's Antique Armour Emporium.
 36703 | Bazaar   | Found Meutwesu's Distillery.
 36703 | Bazaar   | Found Ynec's Distillery.
 36703 | Bazaar   | Found Caill's Antique Weapon Shop.
 36705 | Bazaar   | Found Orchyhut's General Store.
 36705 | Bazaar   | Found Lozinu's Assorted Antiques.
 36707 | Bazaar   | Bought an aquamarine-studded leather armour for 147 gold
                  | pieces
 36707 | Bazaar   | Identified the +6 leather armour of the Devil's Advocate
                  | {rF+} (You bought it in a shop in a bazaar)
 36707 | Bazaar   | Bought a twisted robe for 119 gold pieces
 36707 | Bazaar   | Identified the +2 robe of Feasting {rPois Regen+ Int-2
                  | Stlth+} (You bought it in a shop in a bazaar)
 36710 | Bazaar   | Bought a potion of invisibility for 96 gold pieces
 36710 | Bazaar   | Bought a potion of mutation for 96 gold pieces
 36710 | Bazaar   | Bought a potion of cancellation for 96 gold pieces
 36710 | Bazaar   | Bought a potion of mutation for 96 gold pieces
 36713 | Bazaar   | Bought a potion of curing for 51 gold pieces
 36713 | Bazaar   | Bought a potion of heal wounds for 85 gold pieces
 36713 | Bazaar   | Bought a scroll of poison for 68 gold pieces
 36713 | Bazaar   | Bought a wand of roots (5) for 204 gold pieces
 36718 | Bazaar   | Bought a wand of acid (7) for 705 gold pieces
 36724 | Bazaar   | Bought 2 potions of curing for 72 gold pieces
 36724 | Bazaar   | Bought a potion of curing for 36 gold pieces
 36724 | Bazaar   | Bought a potion of curing for 36 gold pieces
 36724 | Bazaar   | Bought a potion of curing for 36 gold pieces
 36724 | Bazaar   | Bought a potion of invisibility for 96 gold pieces
 36724 | Bazaar   | Bought a potion of heal wounds for 60 gold pieces
 36764 | Vaults:2 | Identified the +10 dagger of Horha {vorpal, MP+9 Str+4}
 36974 | Vaults:2 | Noticed an ancient lich
 36980 | Vaults:2 | Killed an ancient lich
 36981 | Vaults:2 | Reached skill level 21 in Earth Magic
 37195 | Vaults:2 | Got the Discourse on Grit and Battle Magic
 37306 | Vaults:2 | Reached XP level 22. HP: 146/165 MP: 20/42
 38251 | Vaults:3 | HP: 6/165 [yaktaur captain/bolt (14)]
 38536 | Vaults:3 | Reached skill level 22 in Earth Magic
 38724 | Vaults:3 | HP: 5/165 [ironbound preserver/+0 dire flail (33)]
 38725 | Vaults:3 | Slain by a deep troll

Illustrated notes

Levels and vault maps discovered:
D:1:      dpeg_arrival_caged_fury, layout_loops_ring,
          shapermc_ecumenical_altar_venn
D:2:      layout_rooms
D:3:      layout_rooms, nicolae_ru_the_path_less_chosen, gup_sewer_entry_spiral,
          uniq_natasha
D:4:      layout_basic, mainiacjoe_overflow_small_starburst,
          grunt_decor_clamped, uniq_blork_the_orc, uniq_sigmund, uniq_grinder
D:5:      layout_gridville, chequers_temple_overflow_statue_of_worship,
          minmay_misc_feat_roman, uniq_duvessa
D:6:      layout_basic, marbit_many_paths, kennysheep_mini,
          minmay_temple_entry_arrows, grunt_decor_one_mirror,
          skrybe_limestone_x, minivault_23, nicolae_wooded_promenade
D:7:      minmay_s_stair_smasher, layout_rooms, mainiacjoe_overflow_24_doors,
          nicolae_overflow_two_pavilions, enter_bailey_2,
          hellmonk_ghost_happy_afterlife, st_stairs_5, uniq_pikel
D:8:      layout_basic, gup_ossuary_entry_pyramid, uniq_maggie, uniq_joseph,
          uniq_maurice
D:9:      layout_rooms, uniq_erolcha, uniq_prince_ribbit1, uniq_harold
D:10:     layout_basic, lemuel_coloured_pillars_altar,
          fedhas_bush_and_centaur_altar, erik_lair_orcish_takeover,
          hiddenorc2_lemuel, worms_lemuel, uniq_amaemon
D:11:     layout_loops_corners, serial_shops, nicolae_shop_crystal
D:12:     layout_rooms, gauntlet_entry_generic, nicolae_vehumet_altar_sigil
D:13:     layout_loops_ring, erik_vaults_1, lightli_wizard_tower
D:14:     wad_woods_minihive, layout_rooms,
          nicolae_dithmenos_through_a_glass_darkly, uniq_snorg
D:15:     hangedman_depths_entry_try_elsewhere_first, layout_loops_ring,
          uniq_louise
Lair:1:   dreamdust_cave_troll, layout_chaotic_city, basic_altar
Lair:2:   layout_cave_pods, minmay_shoals_entry_centaurs,
          nicolae_spider_entry_non_spiders, serial_bayou_shore_b,
          grunt_megastairs_2
Lair:3:   layout_regular_city, gammafunk_ghost_berserking_beasts,
          nicolae_lair_grove_arrangements, pond
Lair:4:   beast_lair_carwin_large_4, layout_big_grid, lemuel_fruit_tree,
          uniq_nessos
Lair:5:   minmay_lair_end_frog_pond, layout_hall_layers,
          dpeg_slime_entry_corner, chequers_serial_rivers_small_b
Shoals:1: layout_shoals, ebering_ghost_reflecting_pool,
          nicolae_shoals_nymph_descending_staircase, uniq_frances
Shoals:2: layout_shoals, nicolae_shoals_mertower, uniq_ilsuiw
Shoals:3: layout_shoals, nzn_prometheus_bound, uniq_aizul, uniq_polyphemus
Shoals:4: shoals_end_hellmonk_lost_city
Spider:1: layout_spider_delve
Spider:2: layout_chambers, hangedman_spider_tarantella_strand,
          nicolae_spider_cling_halls
Spider:3: layout_spider_delve
Spider:4: spider_rune_water, nicolae_spider_wall_of_niches, uniq_bai_suzhen
Orc:1:    layout_caves, uniq_urug, uniq_erica
Orc:2:    st_orc_congregation, layout_caves, serial_shops, shop, uniq_jorgrun,
          uniq_rupert, uniq_donald
Vaults:1: portal_desolation_entry_nicolae_slug, serial_ice_g, v_rooms_4,
          v_misc_17, ontoclasm_vaults_bender, dpeg_vaults_hating_casters,
          v_rooms_5, ontoclasm_vaults_ring_large, nicolae_vaults_ninety_degrees,
          vaults_dpeg_ring, vaults_mumra_chevron, vaults_room_grid,
          vaults_dpeg_hooks, layout_vaults_omnigrid, serial_shops,
          nicolae_shop_trees
Vaults:2: vaults_mumra_bighexcomb, v_rooms_4, vaults_mumra_hex,
          nicolae_vaults_arrows, vaults_mumra_lcd, v_misc_2,
          vaults_mumra_minichess_inversion, ontoclasm_vaults_fault,
          nicolae_vaults_ring_of_whatevers, nicolae_vaults_little_squares_4,
          nicolae_vaults_circle_grid_b, vaults_room_pools, vaults_room_corners,
          hangedman_vaults_stretched_pinwheel, grunt_vaults_diagonal,
          layout_vaults_omnibox, serial_shops, bzr_entry_islet, uniq_asterion
Vaults:3: hangedman_vaults_corner_blocks, minmay_crypt_entry_simple_walls,
          hangedman_vaults_corner, ontoclasm_vaults_decontamination,
          hangedman_vaults_restitches, hangedman_vaults_maws, v_misc_11,
          vaults_room_semicircle, vaults_room_semicircle,
          nicolae_vaults_network_square, nicolae_vaults_big_ls,
          nicolae_vaults_little_squares_4, vaults_room_hallway,
          nicolae_vaults_little_squares_1, layout_vaults_ring, serial_shops,
          nicolae_shop_crystal

Skill      XL: |  1  2  3  4  5  6  7  8  9 10 11 12 13 14 15 16 17 18 19 20 21 22 |
---------------+-------------------------------------------------------------------+-----
Dodging        | 2 3 4 6 7 8 9 |  9.0
Armour         | 1 2 3 5 6 8 9 11 13 | 13.0
Fighting       | 1 2 3 5 6 8 9 11 12 | 12.0
Conjurations   | 4 5 6 |  6.0
Spellcasting   | 3 4 5 7 9 10 11 12 13 14 15 16 | 16.0
Shields        | 3 5 8 10 12 14 16 | 16.0
Earth Magic    | 5 9 11 12 13 15 17 19 21 22 | 22.0
Necromancy     | 4 7 10 12 13 14 15 17 19 20 | 20.1
Stealth        | |  2.4

Action                   |  1- 3 |  4- 6 |  7- 9 | 10-12 | 13-15 | 16-18 | 19-21 | 22-24 || total
-------------------------+-------+-------+-------+-------+-------+-------+-------+-------++-------
Melee: Unarmed           |    12 |       |       |       |       |       |       |       ||    12
       Dagger            |    10 |       |       |       |       |       |    39 |   207 ||   256
       Quarterstaff      |       |    47 |       |       |       |       |       |       ||    47
       Punch             |       |     2 |       |       |       |       |       |       ||     2
       Flail             |       |    14 |    25 |       |       |       |       |       ||    39
       Dire flail        |       |       |     8 |    61 |       |       |       |       ||    69
       Long sword        |       |       |       |   215 |   381 |       |       |       ||   596
       Great sword       |       |       |       |    27 |       |       |       |       ||    27
       Bite              |       |       |       |       |    75 |    46 |       |       ||   121
       Rapier            |       |       |       |       |    22 |   403 |   459 |       ||   884
       Scimitar          |       |       |       |       |       |       |     5 |       ||     5
       Longbow           |       |       |       |       |       |       |     1 |       ||     1
 Fire: Sling             |       |     8 |       |       |       |       |       |       ||     8
       Shortbow          |       |       |       |    14 |       |       |       |       ||    14
       Longbow           |       |       |       |       |    52 |    23 |     8 |       ||    83
 Cast: Magic Dart        |    44 |    35 |    27 |       |     1 |       |       |       ||   107
       Searing Ray       |    10 |    32 |    52 |     7 |       |       |       |       ||   101
       Borgnjor's Vile C |       |       |       |   136 |   250 |   303 |   427 |    58 ||  1174
       Stone Arrow       |       |       |       |    17 |    28 |    47 |    40 |    52 ||   184
       Dispel Undead     |       |       |       |       |     6 |     5 |     2 |     2 ||    15
 Abil: Dig               |       |       |     2 |     4 |     4 |     2 |     4 |       ||    16
       Shaft Self        |       |       |       |     1 |       |       |       |       ||     1
Evoke: Wand              |       |       |     2 |       |       |       |       |       ||     2
  Use: Scroll            |       |     3 |     5 |       |    11 |     6 |     9 |       ||    34
       Potion            |       |       |       |     3 |     4 |     6 |     9 |     1 ||    23
 Stab: Sleeping          |       |     2 |     1 |     1 |     1 |     1 |     2 |     1 ||     9
       Paralysed         |       |       |     3 |       |       |       |       |       ||     3
       Distracted        |       |       |       |     3 |     3 |     4 |     1 |     1 ||    12
       Petrified         |       |       |       |       |       |     2 |       |       ||     2
Armor: Robe              |    11 |    20 |     9 |    86 |     5 |       |       |       ||   131
       Leather armour    |       |       |    15 |       |       |       |       |       ||    15
       Troll leather arm |       |       |       |       |   150 |   150 |   240 |    52 ||   592
Dodge: Dodged            |    20 |    37 |    80 |   215 |   337 |   253 |   354 |    90 ||  1386
       Repelled          |       |       |     1 |     2 |     1 |       |       |       ||     4
Block: Buckler           |       |       |    14 |    73 |    34 |       |       |       ||   121
       Kite shield       |       |       |       |       |   305 |     8 |       |       ||   313
       Reflection        |       |       |       |       |    10 |       |       |       ||    10
       Tower shield      |       |       |       |       |       |   669 |   756 |   253 ||  1678
